 Dungeon Crawl Stone Soup version 0.29.0-4-gdea44cf6ec (webtiles) character file.

Game seed: 656951817000498417

98 qw the Ruffian (level 4, -4/35 HPs)
             Began as a Ghoul Fire Elementalist on Aug 29, 2022.
             Slain by a black bear (11 damage)
             ... on level 4 of the Dungeon.
             The game lasted 00:02:57 (2765 turns).

qw the Ruffian (Ghoul Fire Elementalist)            Turns: 2765, Time: 00:02:58

Health: -4/35      AC: 12    Str: 12 (13) XL:     4   Next: 69%
Magic:  5/5        EV:  2    Int:  8 (10) God:
Gold:   136        SH:  0    Dex:  9      Spells: 5/6 levels left

rFire   . . .      SeeInvis .     - Unarmed
rCold   + + .      Faith    .   (no shield)
rNeg    + + +      Spirit   .   d - +1 plate armour
rPois   inf        Reflect  .   (no helmet)
rElec   .          Harm     .   (no cloak)
rCorr   .          Rampage  .   (no gloves)
Will    .....                   e - +0 pair of boots
Stlth   ..........              (no amulet)
HPRegen 0.00/turn               c - ring of protection from cold
MPRegen 0.09/turn               (no ring)

@: inhibited regen
A: claws 1, cold resistance 1, negative energy resistance 3, inhibited
regeneration, torment resistance 2, devour on kill
a: no special abilities


You were on level 4 of the Dungeon.
You visited 1 branch of the dungeon, and saw 4 of its levels.

You collected 136 gold pieces.


Innate Abilities, Weirdness & Mutations

You are immune to poison.
You have sharp fingernails.
Your flesh is cold resistant. (rC+)
You are immune to negative energy. (rN+++)
You do not regenerate when monsters are visible.
You are immune to unholy pain and torment.
You thrive by killing the living.


   Skills:
 + Level 1.1 Fighting
 - Level 1.0 Armour
 - Level 1.7 Dodging
 - Level 2.1 Stealth
 - Level 4.0 Unarmed Combat
 - Level 1.7 Spellcasting
 - Level 0.7 Conjurations
 - Level 2.4 Fire Magic


You had 5 spell levels left.
You knew the following spells:

 Your Spells              Type           Power      Damage    Failure   Level
a - Foxfire               Conj/Fire      12%        2x1d4     100%        1

Your spell library contained the following spells:

 Spells                   Type           Power      Damage    Failure   Level
 Scorch                   Fire           8%         2d5       100%        2
 Conjure Flame            Conj/Fire      3%         6-21      100%        3
 Inner Flame              Hex/Fire       2%         N/A       100%        3
 Flame Wave               Conj/Fire      3%         2d5       100%        4

Inventory:

Armour
 d - a +1 plate armour (worn)
 e - a +0 pair of boots (worn)
Jewellery
 c - a ring of protection from cold (left claw)
Scrolls
 a - a scroll of identify
 g - 2 scrolls of enchant weapon
Potions
 b - a potion of lignification {unknown}
 f - a potion of mutation
 h - 2 potions of curing {unknown}
 i - a potion of cancellation {unknown}

Dungeon Overview and Level Annotations

Branches:
Dungeon (4/15)
 Temple: D:4-7

Altars:
Fedhas

Annotations:
D:4 Ijyb


Message History

Ijyb and a black bear come into view.
Ijyb is wielding a +2 dagger of venom, wearing a +1 leather armour of cold resistance and carrying a wand of polymorph (7).
The black bear growls angrily.
The black bear moves out of view.
Ijyb hits you but does no damage.
You scratch the black bear.
The black bear is lightly wounded.
The black bear completely misses you.
The black bear claws you but does no damage. x2
Ijyb hits you but does no damage.
You completely miss the black bear.
The black bear is lightly wounded.
The black bear bites you but does no damage.
The black bear claws you.
The black bear claws you but does no damage.
Ijyb zaps a wand.
You resist with some effort.
You claw the black bear!
The black bear is moderately wounded.
The black bear bites you but does no damage.
The black bear claws you but does no damage.
The black bear claws you. Ijyb hits you but does no damage.
You claw the black bear!
The black bear is heavily wounded.
The black bear bites you.
The black bear claws you but does no damage.
The black bear claws you.
Ijyb hits you with a +2 dagger of venom.
You scratch the black bear.
The black bear is severely wounded.
The black bear goes berserk!
Ijyb barely misses you.
You scratch the black bear but do no damage.
The black bear is severely wounded.
The black bear bites you!
The black bear claws you but does no damage. x2
Ijyb hits you but does no damage.
You scratch the black bear.
The black bear is almost dead.
The black bear bites you. The black bear claws you.
The black bear barely misses you. The black bear bites you!
You die...

..###.###.##.#
#. #.##.# ..
#....# #.
#..<.# #....#
#....# #....#
#....# #.@..#
#hg..# ...##.#
..... #.#
#...... #.#
#####.# .# #.
#.


You could see a black bear (berserk) and Ijyb.

Vanquished Creatures
  2 adders (D:3)
  A worm (D:2)
  3 dart slugs (D:2)
  6 ball pythons
  7 bats
  7 endoplasms
  3 giant cockroaches
  7 goblins
  6 hobgoblins
  8 jackals
  2 quokkas
  2 frilled lizards
  3 kobolds
  5 rats
62 creatures vanquished.

Notes
Turn   | Place    | Note
-------+----------+-------------------------------------------
     0 | D:1      | qw the Ghoul Fire Elementalist began the quest for the Orb.
     0 | D:1      | Reached XP level 1. HP: 14/14 MP: 2/2
     0 | D:1      | 0 ||| qw: Version: 0.1-a-90-g952f4b7
     0 | D:1      | 0 ||| qw: Game counter: 4234
     0 | D:1      | 0 ||| qw: Always use a shield: true
     0 | D:1      | 0 ||| qw: God list: Okawaru
     0 | D:1      | 0 ||| qw: Allow faded altars: false
     0 | D:1      | 0 ||| qw: Do Orc after D:15 true
     0 | D:1      | 0 ||| qw: Do second Lair branch before Depths: true
     0 | D:1      | 0 ||| qw: Lair rune preference: random
     0 | D:1      | 0 ||| qw: Plans: Normal
     0 | D:1      | 0 ||| PLANNING D:1-11
    79 | D:1      | 79 ||| Stepping ~*~*~tactically~*~*~ (stealth).
    86 | D:1      | Reached skill level 1 in Unarmed Combat
   188 | D:1      | Reached skill level 1 in Fighting
   188 | D:1      | Reached XP level 2. HP: 22/23 MP: 3/3
   329 | D:1      | 329 ||| Stepping ~*~*~tactically~*~*~ (stealth).
   330 | D:1      | 330 ||| Stepping ~*~*~tactically~*~*~ (stealth).
   387 | D:1      | Found a faded altar of an unknown god.
   413 | D:1      | Reached skill level 2 in Unarmed Combat
   647 | D:1      | 647 ||| UPGRADING to +0 plate armour.
   657 | D:1      | 657 ||| DROPPING +0 robe.
   658 | D:1      | 658 ||| READING 2 scrolls labelled LOLE HUSAI.
   661 | D:1      | 661 ||| READING scroll labelled HUUW JESTAGG.
   662 | D:1      | 662 ||| READING scroll labelled QAOTWA RITHE.
   663 | D:1      | 663 ||| READING 2 scrolls labelled RARENO XYOLANA.
   664 | D:1      | 664 ||| DROPPING potion of magic.
   806 | D:2      | Reached XP level 3. HP: 28/28 MP: 4/4
   816 | D:2      | 816 ||| Stepping ~*~*~tactically~*~*~ (outnumbered).
   817 | D:2      | 817 ||| Stepping ~*~*~tactically~*~*~ (outnumbered).
   980 | D:2      | 980 ||| READING scroll labelled ZUW ECZUSKYG.
   981 | D:2      | 981 ||| READING 2 scrolls labelled VOSOKIGOTT.
   982 | D:2      | 982 ||| READING scroll of enchant armour.
   982 | D:2      | 982 ||| ENCHANTING +0 plate armour.
   983 | D:2      | 983 ||| READING scroll labelled JOIHITI ZOSONE.
   984 | D:2      | 984 ||| READING 2 scrolls of identify.
   984 | D:2      | 984 ||| IDENTIFYING amethyst potion
   999 | D:2      | 999 ||| DROPPING potion of berserk rage.
  1000 | D:2      | 1000 ||| READING scroll of teleportation.
  1003 | D:2      | 1003 ||| FLEEEEING.
  1004 | D:2      | 1004 ||| FLEEEEING.
  1233 | D:2      | Reached skill level 3 in Unarmed Combat
  1493 | D:2      | 1493 ||| DROPPING amulet of magic regeneration.
  1512 | D:2      | 1512 ||| FLEEEEING.
  1513 | D:2      | 1513 ||| FLEEEEING.
  1514 | D:2      | 1514 ||| FLEEEEING.
  1515 | D:2      | 1515 ||| Stepping ~*~*~tactically~*~*~ (hiding).
  1542 | D:2      | 1542 ||| READING 2 scrolls labelled ZESEKA VILICE.
  1543 | D:2      | 1543 ||| READING scroll labelled DYUHEO XUATISE.
  1544 | D:2      | 1544 ||| DROPPING scroll of fear.
  1545 | D:2      | 1545 ||| Stepping randomly (stuck).
  1583 | D:2      | 1583 ||| Stepping randomly (stuck).
  1584 | D:2      | 1584 ||| Stepping randomly (stuck).
  1678 | D:2      | Reached skill level 1 in Armour
  1873 | D:2      | 1873 ||| DRINKING 2 emerald potions.
  1974 | D:2      | 1974 ||| DROPPING potion of ambrosia.
  1999 | D:3      | Reached XP level 4. HP: 35/35 MP: 5/5
  2194 | D:3      | 2194 ||| Stepping ~*~*~tactically~*~*~ (stealth).
  2330 | D:3      | Found a blossoming altar of Fedhas.
  2509 | D:3      | 2509 ||| UPGRADING to +0 pair of boots.
  2514 | D:3      | 2514 ||| UPGRADING to ring of protection from cold.
  2515 | D:3      | 2515 ||| READING scroll labelled ISUCAU ZOPI.
  2516 | D:3      | 2516 ||| READING scroll labelled NOMAME LAMEOCH.
  2517 | D:3      | 2517 ||| READING scroll labelled ESOABO XODIAXUCO.
  2518 | D:3      | 2518 ||| DRINKING 2 bubbling purple potions.
  2654 | D:4      | Reached skill level 4 in Unarmed Combat
  2755 | D:4      | Noticed Ijyb
  2755 | D:4      | Noticed a black bear
  2765 | D:4      | HP: 7/35 [black bear (3)]
  2765 | D:4      | Slain by a black bear

Levels and vault maps discovered:
D:1:      minmay_arrival_stone_box, layout_rooms,
          hellmonk_ecumenical_altar_run_dry, minmay_tetromino_o2
D:2:      minmay_inner_zag, layout_basic
D:3:      layout_rooms, mainiacjoe_overflow_big_doors, kennysheep_another_room,
          skrybe_limestone_x
D:4:      layout_rooms, temple_hall, uniq_ijyb

Skill      XL: |  1  2  3  4 |
---------------+-------------+-----
Unarmed Combat | 1 2 3 4 |  4.0
Fighting       | 1 |  1.1
Armour         | 1 |  1.0
Dodging        | |  1.7
Stealth        | |  2.1
Spellcasting   | |  1.7
Conjurations   | |  0.7
Fire Magic     | |  2.4

Action                   |  1- 3 |  4- 6 || total
-------------------------+-------+-------++-------
Melee: Unarmed           |   162 |   104 ||   266
       Punch             |     1 |     1 ||     2
  Use: Scroll            |    12 |     3 ||    15
       Potion            |     1 |     1 ||     2
Armor: Robe              |    15 |       ||    15
       Plate armour      |    43 |   104 ||   147
Dodge: Dodged            |    44 |    23 ||    67

Table legend:
 A = Non-vault XP
 B = Vault XP
 C = Vault XP percentage of total XP
 D = Non-vault monster count
 E = Vault monster count
 F = Vault count percentage of total count
                 A         B        C        D         E       F
            +---------+---------+-------+---------+---------+-------
      Total |     125 |      15 |  10.7 |      55 |       7 |  11.3
            +---------+---------+-------+---------+---------+-------
        D:1 |      29 |       1 |   3.3 |      20 |       1 |   4.8
        D:2 |      36 |      14 |  28.0 |      16 |       6 |  27.3
        D:3 |      48 |       0 |   0.0 |      13 |       0 |   0.0
        D:4 |      12 |       0 |   0.0 |       6 |       0 |   0.0
            +---------+---------+-------+---------+---------+-------
